 Dungeon Crawl Stone Soup version 0.19.0 (webtiles) character file.

200 Cacophonie the Ruffian (level 5, 0/27 HPs)
             Began as a Vine Stalker Abyssal Knight on Nov 11, 2016.
             Was a Priest of Lugonu.
             Slain by an iguana (3 damage)
             ... on level 4 of the Dungeon.
             The game lasted 00:14:16 (3351 turns).

Cacophonie the Ruffian (VSAK)                       Turns: 3351, Time: 00:14:16

Health: 0/27       AC:  3    Str: 15    XL:     5   Next: 79%
Magic:  0/7        EV: 11    Int: 12    God:    Lugonu [***...]
Gold:   147        SH:  0    Dex: 14    Spells: 1 memorised, 3 levels left

rFire  . . .     SeeInvis .       - Unarmed
rCold  . . .     Gourm    .     a - +0 leather armour
rNeg   . . .     Faith    .     (no shield)
rPois  .         Spirit   +     (no helmet)
rElec  .         Reflect  .     (no cloak)
rCorr  .         Harm     .     (no gloves)
MR     .....                    (no boots)
Stlth  +.........               (no amulet)
                                (no ring)
                                (no ring)

@: no status effects
A: fangs 2, regeneration 1, magic shield, antimagic bite, no device heal 3, rot
immunity
a: Depart the Abyss, Bend Space, Banish, Renounce Religion


You were on level 4 of the Dungeon.
You worshipped Lugonu.
Lugonu was most pleased with you.
You were not hungry.

You visited 1 branch of the dungeon, and saw 4 of its levels.
You visited the Abyss 1 time.

You collected 147 gold pieces.


Message History

Throwing (i - inventory! (,) - cycle):
c - 93 stones (quivered)
Press: ? - help, Shift-Dir - straight line, f - iguana
Aim: an iguana (severely wounded, confused)
You throw a stone!
The stone hits the iguana but does no damage!
The iguana is severely wounded!
You catch the helpless iguana completely off-guard!!!
You pummel the iguana like a punching bag!
You punch the iguana! Your bite misses the iguana!
The iguana is almost dead!
The iguana bites you!!! * * * don't die
* * * You squash the iguana but do no damage!
You bite the iguana, but do no damage!
The iguana is almost dead!
You barely miss the iguana! Your bite misses the iguana!
The iguana is almost dead!
You barely miss the iguana! You bite the iguana, but do no damage!
The iguana is almost dead!
The iguana seems less confused!
The iguana bites you! rip

**,,,,,,,,***,,>,,,***,,,,**,
**,,,,,,** *,***#..,,,,,,,,,
******** *,**#...,*******,
*,,....,,** **,,,
**#...**,,***,,*,
*#..#***,,,,,,,,, *..#*
**,,,,,*,, ####l#* **,,,,,,,,
##..@.# **,,*,,,.#* #..####
**#.,*,,*...*
#.##*####...,,,**#..,
#.###....<.#**** #.#,
**#........#** #.#,
#....#..#### #.#. #....#.##
####.## ######.# #####....##
##.# ##......#.##


You could see an iguana.

Inventory:

Hand Weapons
 o - a +1 hunting sling
Missiles
 c - 92 stones (quivered)
 i - 5 tomahawks
 n - 17 arrows
 q - 65 sling bullets
Armour
 a - a +0 leather armour (worn)
 h - a +0 scale mail
Jewellery
 g - a +2 ring of dexterity {unknown}
Wands
 s - a wand of digging (19/24)
Scrolls
 v - a scroll of remove curse
 w - a scroll of amnesia
Potions
 e - a potion of degeneration
 j - a potion of flight {unknown}
 k - a potion of brilliance
 l - a potion of heal wounds
 m - 3 potions of curing {unknown}
 r - a potion of resistance {unknown}
 t - a potion of invisibility {unknown}
 u - a potion of might {unknown}
Books
 d - a book of Misfortune

   Spells                             Type                      Level
   a - Confusing Touch                Hexes                        1
   b - Confuse                        Hexes                        3
   c - Gell's Gravitas                Hexes/Translocation          3
   d - Petrify                        Transmutation/Earth          4
   e - Metabolic Englaciation         Hexes/Ice                    5
   f - Yara's Violent Unravelling     Hexes/Transmutation          5
Comestibles
 b - 3 bread rations
 f - 2 chunks of flesh
 p - 2 beef jerkies


   Skills:
 - Level 2.6 Fighting
 - Level 1.5 Armour
 - Level 0.7 Dodging
 + Level 5.8 Unarmed Combat
 - Level 1.7 Invocations


You had 3 spell levels left.
You knew the following spells:

 Your Spells              Type           Power        Failure   Level  Hunger
a - Confusing Touch       Hex            #.....       38%         1    ##.....


Innate Abilities, Weirdness & Mutations

You have extremely sharp teeth.
Your natural rate of healing is unusually fast.
When hurt, damage is shared between your health and your magic reserves.
Your bite disrupts and absorbs the magic of your enemies.
Potions and wands cannot restore your health.
You are immune to rotting.

Dungeon Overview and Level Annotations

Branches:
Dungeon (4/15)
 Temple: D:4-7

Altars:

Vault maps used:
D:1:      zaba_arrival_water, minmay_misc_feat_rows
D:2:      cheibrodos_greedy_goblins
D:3:      uniq_jessica
D:4:      first_bread
Abyss:1:  evilmike_abyss_exit_5

Vanquished Creatures
  A hound (D:4)
  Jessica (D:3)
  An iguana (D:4)
  3 gnolls
  2 adders (D:3)
  An ooze (D:3)
  A worm (D:3)
  A dart slug (D:1)
  3 leopard geckos
  12 goblins
  9 hobgoblins
  2 jackals (D:2)
  5 kobolds
  A quokka (D:2)
  7 bats
  8 frilled lizards
  A leopard gecko skeleton (D:4)
  7 rats
66 creatures vanquished.

Notes
Turn   | Place    | Note
-------+----------+-------------------------------------------
     0 | Abyss:1  | Cacophonie the Vine Stalker Abyssal Knight began the quest for the Orb.
     0 | Abyss:1  | Reached XP level 1. HP: 11/11 MP: 3/3
    10 | Abyss:1  | Found a viscous altar of Jiyva.
    19 | Abyss:1  | SLIME
    40 | D:1      | Escaped the Abyss
   991 | D:1      | Reached XP level 2. HP: 11/16 MP: 2/4
  1201 | D:1      | Reached skill level 3 in Unarmed Combat
  1725 | D:2      | Reached XP level 3. HP: 17/19 MP: 5/5
  1759 | D:2      | Reached ** piety under Lugonu
  2173 | D:2      | Reached skill level 4 in Unarmed Combat
  2384 | D:1      | Gained mutation: Your natural rate of healing is unusually fast. [Vine Stalker growth]
  2384 | D:1      | Reached XP level 4. HP: 18/23 MP: 4/6
  2520 | D:3      | Learned a level 1 spell: Confusing Touch
  2925 | D:3      | Noticed Jessica
  2934 | D:3      | Killed Jessica
  2934 | D:3      | Reached skill level 5 in Unarmed Combat
  2934 | D:3      | Reached XP level 5. HP: 25/27 MP: 3/7
  3077 | D:3      | Reached *** piety under Lugonu
  3351 | D:4      | Slain by an iguana
